 Dungeon Crawl Stone Soup version 0.19.1-1-g22dce08 (webtiles) character file.

57 ponk the Chucker (level 3, -1/33 HPs)
             Began as a Troll Hunter on Jan 12, 2017.
             Slain by Sigmund
             ... wielding a +0 scythe of protection
              (6 damage)
             ... on level 2 of the Dungeon.
             The game lasted 00:08:36 (1487 turns).

ponk the Chucker (Troll Hunter)                     Turns: 1487, Time: 00:08:37

Health: -1/33      AC:  5    Str: 20    XL:     3   Next: 73%
Magic:  2/2        EV:  5    Int:  7    God:
Gold:   171        SH:  0    Dex: 11    Spells: 0 memorised, 2 levels left

rFire  . . .     SeeInvis +     a - +0 short sword
rCold  . . .     Gourm    +     n - +0 robe
rNeg   . . .     Faith    .     q - +2 large shield
rPois  .         Spirit   .     (helmet restricted)
rElec  .         Reflect  .     (no cloak)
rCorr  .         Harm     .     (gloves unavailable)
MR     .....                    (boots unavailable)
Stlth  +.........               (no amulet)
                                o - ring of see invisible
                                (no ring)

@: confused
A: unfitting armour, claws 3, fast metabolism 3, gourmand, regeneration 1,
shaggy fur 1, tough skin 2
a: no special abilities


You were on level 2 of the Dungeon.
You were very full.

You visited 1 branch of the dungeon, and saw 2 of its levels.

You collected 171 gold pieces.

Inventory:

Hand Weapons
 a - a +0 short sword (weapon)
Missiles
 d - 66 stones (quivered)
 e - 6 poisoned needles
 l - a throwing net
Armour
 n - a +0 robe (worn)
 q - a +2 large shield (worn)
Jewellery
 o - a ring of see invisible (right claw)
Scrolls
 b - a scroll of identify
 h - a scroll of teleportation {unknown}
 m - a scroll of amnesia {unknown}
Potions
 g - a potion of heal wounds
 j - 2 potions of berserk rage
Comestibles
 f - 2 bread rations
 k - 2 chunks of flesh


   Skills:
 - Level 1.5 Fighting
 + Level 5.0 Throwing
 - Level 1.5 Dodging
 - Level 0.3 Stealth


You had 2 spell levels left.
You didn't know any spells.

Dungeon Overview and Level Annotations

Branches:
Dungeon (2/15)

Altars:
Sif Muna
Xom
Yredelemnul
Zin
The Shining One

Annotations:
D:2 Sigmund


Innate Abilities, Weirdness & Mutations

You are too large for most types of armour.
You have claws for hands.
Your metabolism is lightning-fast.
You like to eat raw meat.
Your natural rate of healing is unusually fast.
You are covered in fur. (AC +1)
You have very tough skin. (AC +2)


Message History

The puff of flame hits you! You block Sigmund's attack.
You hit Sigmund but do no damage.
Sigmund is lightly wounded.
You closely miss Sigmund.
Sigmund is lightly wounded.
Sigmund hits you with a scythe of protection!
You closely miss Sigmund.
Sigmund is lightly wounded.
Sigmund hits you with a scythe of protection!
* * * LOW HITPOINT WARNING * * *
You hit Sigmund but do no damage.
Sigmund is lightly wounded.
Sigmund casts a spell at you.
You are confused.
Sigmund hits you from afar with a scythe of protection.
* * * LOW HITPOINT WARNING * * *
Sigmund hits you but does no damage.
You bump into the rock wall.
Sigmund hits you from afar with a scythe of protection.
You die...

##.## ###
##...#########
..#
#............#
#.#####.......#
#.#
..........###..
..( ..#######.#
#.# ### #.# #@#
#.#######.#
#.......@.#
###########


You could see Sigmund.

Vanquished Creatures
  4 dart slugs (D:1)
  2 leopard geckos
  2 giant cockroaches
  9 hobgoblins
  4 jackals (D:1)
  A ball python (D:2)
  5 bats
  3 frilled lizards
  6 goblins
  5 kobolds
  A rat (D:2)
42 creatures vanquished.

Notes
Turn   | Place    | Note
-------+----------+-------------------------------------------
     0 | D:1      | ponk the Troll Hunter began the quest for the Orb.
     0 | D:1      | Reached XP level 1. HP: 19/19 MP: 0/0
   202 | D:1      | Reached skill level 4 in Throwing
   203 | D:1      | Reached XP level 2. HP: 27/27 MP: 1/1
   496 | D:1      | Reached XP level 3. HP: 33/33 MP: 2/2
   895 | D:2      | Found a shimmering altar of Xom.
   896 | D:2      | Found a basalt altar of Yredelemnul.
   896 | D:2      | Found a glowing silver altar of Zin.
   897 | D:2      | Found a deep blue altar of Sif Muna.
  1237 | D:2      | Found a glowing golden altar of the Shining One.
  1363 | D:2      | Reached skill level 5 in Throwing
  1470 | D:2      | Noticed Sigmund
  1487 | D:2      | Slain by Sigmund

Skill      XL: |  1  2  3 |
---------------+----------+-----
Throwing       | 4 5 |  5.0
Fighting       | |  1.5
Dodging        | |  1.5
Stealth        | |  0.3

Action                   || total
-------------------------++-------
Melee: Short sword       ||    96
Throw: Large rock        ||    40
       Throwing net      ||     5
       Stone             ||     3
  Use: Scroll            ||     5
       Potion            ||     1
  Eat: Chunk             ||    19
Armor: Robe              ||    66
Dodge: Dodged            ||    87
Block: Large shield      ||    32
       Shield            ||     5
